[Event "Team 45 45 League T63"]
[Site "Internet Chess Club"]
[Date "2014.12.27"]
[Round "5"]
[White "DouDou"]
[Black "Greedy-Reedy"]
[Result "0-1"]
[WhiteElo "1676"]
[BlackElo "1897"]
[Opening "Pirc: Austrian attack"]
[ECO "B09"]
[Time "13:01:02"]
[TimeControl "2700+45"]

1. e4 d6 2. d4 Nf6 3. Nc3 g6 4. f4 Bg7 5. Nf3 O-O 6. Bc4 Nxe4 7. Nxe4 d5 8. Bxd5
Qxd5 9. Nc3 Qd6 10. O-O Bg4 11. Be3 Nc6 12. Nb5 Qd7 13. c3 a6 14. Na3 e6 15. h3
Bxf3 16. Qxf3 b5 17. Nc2 Ne7 18. Ne1 Qd5 19. Nd3 Qxf3 20. Rxf3 Nd5 21. Nc5 Rfd8
22. Re1 Bf8 23. Ne4 Rac8 24. Bf2 Be7 25. g3 Rb8 26. Kg2 b4 27. c4 Nf6 28. Nd2
Rd7 29. Rd3 c5 30. Nf3 cxd4 31. b3 Bc5 32. Bxd4 Bxd4 33. Rxd4 Rxd4 34. Nxd4 Rd8
35. Nf3 Rd3 36. Kf2 Kf8 37. Re3 Rd6 38. Ke2 Ke7 39. Ne5 Nd7 40. Rd3 Nxe5 41.
fxe5 Rc6 42. Ke3 f6 43. exf6+ Kxf6 44. Rd7 Rc5 45. Kd4 Ra5 46. c5 e5+ 47. Kc4
Rxa2 48. Kxb4 e4 49. Rd4 Ke5 50. Rd7 e3 51. Re7+ Kd4 52. Rd7+ Ke4 53. c6 Rc2 54.
c7 e2 55. Re7+ Kf3 56. Rf7+ Kxg3 57. Re7 Rxc7 58. Rxe2 Rb7+ 59. Ka4 Kxh3 60.
Re3+ Kg4 61. Ka5 h5 62. Kxa6 Rh7 63. b4 h4 64. b5 h3 65. b6 h2 {White resigns}
0-1

[Event "Team 45 45 League T63"]
[Site "Internet Chess Club"]
[Date "2015.01.04"]
[Round "5"]
[White "PuzzleMaster"]
[Black "LiangLiang"]
[Result "1-0"]
[WhiteElo "1916"]
[BlackElo "1751"]
[Opening "Grünfeld: Russian, Alekhine (Hungarian) variation"]
[ECO "D97"]
[Time "18:00:14"]
[TimeControl "2700+45"]

1. d4 Nf6 2. c4 g6 3. Nc3 d5 4. Nf3 Bg7 5. Qb3 dxc4 6. Qxc4 a6 7. e4 O-O 8. Be2
b5 9. Qb3 Nfd7 10. O-O Nb6 11. Be3 Nc6 12. Rad1 Na5 13. Qc2 Nac4 14. Bc1 Bb7 15.
b3 Nd6 16. a3 f5 17. e5 Ne4 18. Bb2 e6 19. a4 b4 20. Nxe4 Bxe4 21. Qd2 Nd5 22.
Ng5 Bh6 23. Nxe6 Bxd2 24. Nxd8 Bc3 25. Bxc3 Nxc3 26. Bc4+ Kh8 27. Ne6 Nxd1 28.
Nxf8 Nb2 29. f3 Nxc4 30. fxe4 Nd2 31. Rd1 Nxe4 32. Ne6 Nc3 33. Rd2 c6 34. Nc5
Kg7 35. Kf2 a5 36. Kf3 Kf7 37. g4 fxg4+ 38. Kxg4 Rd8 39. Nb7 Rd5 40. Nd6+ Ke6
41. Nb7 h5+ 42. Kf4 g5+ 43. Ke3 Ke7 44. Kd3 g4 45. Rf2 Rd7 46. Nc5 Rd8 47. Rf6
Rg8 48. Rxc6 g3 49. hxg3 Rxg3+ 50. Kc4 h4 51. Rh6 h3 52. Rh7+ Kf8 53. e6 Re3 54.
d5 Nd1 55. d6 {Black resigns} 1-0

[Event "Team 45 45 League T63"]
[Site "Internet Chess Club"]
[Date "2015.01.03"]
[Round "5"]
[White "hood"]
[Black "smyslovVchess"]
[Result "1-0"]
[WhiteElo "1987"]
[BlackElo "1677"]
[Opening "Ruy Lopez: old Steinitz defense"]
[ECO "C62"]
[Time "18:00:12"]
[TimeControl "2700+45"]

1. e4 e5 2. Nf3 Nc6 3. Bb5 d6 4. d4 exd4 5. Nxd4 Bd7 6. O-O Be7 7. c3 a6 8. Ba4
Nf6 9. Bc2 O-O 10. h3 Na7 11. Be3 c5 12. Ne2 Bc6 13. Ng3 Nb5 14. a4 Nc7 15. Nd2
Ne6 16. f4 Qc7 17. Nf3 g6 18. f5 Ng7 19. fxg6 hxg6 20. Ng5 Ngh5 21. Nxh5 Nxh5
22. Bb3 Nf6 23. Qf3 Be8 24. Qg3 Nh5 25. Qf3 Nf6 26. Rf2 c4 27. Bc2 Nd7 28. Qg3
Ne5 29. Qh4 Bxg5 30. Bxg5 f6 31. Bxf6 Qh7 32. Qxh7+ Kxh7 33. Bxe5 Rxf2 34. Kxf2
dxe5 35. Rd1 Bc6 36. Rf1 Rf8+ 37. Ke2 Rxf1 38. Kxf1 Kh6 39. Ke2 Kg5 40. Kf3 Kh4
41. b3 b5 42. axb5 axb5 43. bxc4 bxc4 44. Bd1 g5 45. Be2 Bb5 46. Bf1 g4+ 47.
hxg4 Kg5 48. g3 Ba6 49. Be2 Kg6 50. Ke3 Kg5 51. Kd2 Bb7 52. Bf3 Bc6 53. Kc2 Ba4+
54. Kb2 Bb3 55. Ka3 {Black resigns} 1-0

[Event "Team 45 45 League T63"]
[Site "Internet Chess Club"]
[Date "2015.01.02"]
[Round "5"]
[White "mongmong"]
[Black "joebobpop"]
[Result "0-1"]
[WhiteElo "1567"]
[BlackElo "1929"]
[Opening "Grünfeld: Russian, Alekhine (Hungarian) variation"]
[ECO "D97"]
[Time "21:00:43"]
[TimeControl "2700+45"]

1. d4 Nf6 2. Nf3 g6 3. c4 Bg7 4. Nc3 d5 5. Qb3 dxc4 6. Qxc4 O-O 7. e4 a6 8. Qb3
b5 9. e5 Nfd7 10. Be2 c5 11. e6 fxe6 12. Qxe6+ Kh8 13. dxc5 Nxc5 14. Qe3 Ne6 15.
O-O Nd4 16. Rd1 Nxe2+ 17. Qxe2 Qc7 18. Bg5 Bxc3 19. bxc3 Nc6 20. Nd4 Re8 21. Ne6
Bxe6 22. Qxe6 Rad8 23. Be3 Rf8 24. Qe4 Rd6 25. g3 Rfd8 26. Rxd6 Qxd6 27. Bf4 Qf6
28. Re1 Kg7 29. Qe3 Qf5 30. Qb6 Qc8 31. Qc5 e6 32. Qg5 Qd7 33. h4 Qd5 34. Qh6+
Kg8 35. Bg5 Rf8 36. Be3 Qxa2 37. h5 Qc2 38. hxg6 Qxg6 39. Qh4 Ne5 40. Kf1 Nf3
41. Qe7 Qd3+ 42. Re2 Qd1+ {White resigns} 0-1

[Event "Team 45 45 League T63"]
[Site "Internet Chess Club"]
[Date "2015.01.11"]
[Round "5"]
[White "Intemperate"]
[Black "LittleButton"]
[Result "1-0"]
[WhiteElo "1893"]
[BlackElo "1856"]
[Opening "Queen's pawn game"]
[ECO "D02"]
[Time "11:19:11"]
[TimeControl "2700+45"]

1. d4 d5 2. Nf3 e6 3. g3 c5 4. Bg2 Nf6 5. O-O Be7 6. dxc5 O-O 7. c4 dxc4 8. Qc2
Bxc5 9. Qxc4 Nbd7 10. Nc3 Qe7 11. Rd1 Nb6 12. Qh4 h6 13. Ne5 Nbd5 14. Bd2 b6 15.
Nd3 Bb7 16. Nxc5 bxc5 17. Rac1 Rfe8 18. Na4 Rac8 19. e4 Nb6 20. e5 Ne4 21. Qxe7
Rxe7 22. Nxb6 axb6 23. Be3 Ng5 24. Bxg5 hxg5 25. Rd6 Bxg2 26. Kxg2 Rb7 27. Kf3
Ra8 28. a3 Ra4 29. h3 Kf8 30. Rd8+ Ke7 31. Rg8 g6 32. Rd1 Rd4 33. Rxd4 cxd4 34.
Ke4 Rd7 35. Kd3 Rd5 36. f4 gxf4 37. gxf4 b5 38. h4 Kd7 39. Rf8 Ke7 40. Rb8 Kd7
41. Rb7+ Ke8 42. b3 Kf8 43. a4 bxa4 44. bxa4 Kg7 45. Ra7 Kh6 46. Rxf7 Ra5 47.
Rf6 Ra6 48. Kxd4 Rxa4+ 49. Kc5 Kh5 50. Kd6 Ra6+ 51. Ke7 Ra7+ 52. Kxe6 Kh6 53. f5
Ra6+ 54. Kf7 Ra7+ 55. Kg8 Ra8+ 56. Rf8 Ra7 57. f6 {Black resigns} 1-0

[Event "Team 45 45 League T63"]
[Site "Internet Chess Club"]
[Date "2014.12.25"]
[Round "5"]
[White "fishhead"]
[Black "Philly-Boy"]
[Result "1-0"]
[WhiteElo "1777"]
[BlackElo "1761"]
[Opening "Sicilian: Najdorf, 7...Be7 main line"]
[ECO "B99"]
[Time "21:43:57"]
[TimeControl "2700+45"]

1. e4 c5 2. Nf3 d6 3. d4 cxd4 4. Nxd4 Nf6 5. Nc3 a6 6. Bg5 e6 7. f4 Be7 8. Qf3
Nbd7 9. O-O-O Qc7 10. Bd3 b5 11. Rhe1 Bb7 12. Qg3 Rc8 13. e5 dxe5 14. fxe5 Nh5
15. Qh4 Bxg5+ 16. Qxg5 g6 17. Bxb5 h6 18. Qg4 axb5 19. Ndxb5 Qc6 20. Nd6+ Kf8
21. Nxf7 Kxf7 22. Rd6 Qxd6 23. exd6 Rhe8 24. Nb5 Ndf6 25. Qd4 Red8 26. g4 Ba6
27. gxh5 Bxb5 28. hxg6+ Kxg6 29. Rxe6 Rf8 30. Qg4+ Kh7 31. Qf5+ Kh8 32. Rxf6
{Black resigns} 1-0

[Event "Team 45 45 League T63"]
[Site "Internet Chess Club"]
[Date "2015.01.01"]
[Round "5"]
[White "latayvia"]
[Black "justice02"]
[Result "1-0"]
[WhiteElo "1739"]
[BlackElo "1722"]
[Opening "Caro-Kann: Tartakower (Nimzovich) variation"]
[ECO "B15"]
[Time "14:07:33"]
[TimeControl "2700+45"]

1. e4 c6 2. d4 d5 3. Nc3 dxe4 4. Nxe4 Nf6 5. Nxf6+ exf6 6. c3 Be6 7. Nf3 Bd6 8.
Bd3 Qc7 9. O-O Nd7 10. c4 O-O-O 11. b4 Bxb4 12. Rb1 Bd6 13. c5 Bxc5 14. dxc5
Nxc5 15. Ne1 Bxa2 16. Rb2 Bc4 17. Qg4+ Be6 18. Qf3 Nxd3 19. Nxd3 Rd4 20. Nc5 Qe5
21. Nxb7 Bd5 22. Qg3 Qxg3 23. hxg3 g5 24. Be3 Ra4 25. Nc5 Ra5 26. Rfb1 Kc7 27.
Bd4 Kd6 28. Nb7+ {Black resigns} 1-0

[Event "Team 45 45 League T63"]
[Site "Internet Chess Club"]
[Date "2014.12.25"]
[Round "5"]
[White "idjit"]
[Black "qs16"]
[Result "0-1"]
[WhiteElo "1585"]
[BlackElo "1704"]
[Opening "Sicilian: Canal-Sokolsky attack, 3...Bd7"]
[ECO "B52"]
[Time "11:00:20"]
[TimeControl "2700+45"]

1. e4 c5 2. Nf3 d6 3. Bb5+ Bd7 4. Bxd7+ Qxd7 5. d4 cxd4 6. Nxd4 Nc6 7. c4 Nf6 8.
Nc3 a6 9. O-O e6 10. Re1 Be7 11. b3 O-O 12. Na4 Qc7 13. Bb2 Rad8 14. Qc2 Nxd4
15. Bxd4 Rb8 16. Bb6 Qc6 17. Rad1 Nd7 18. Bd4 e5 19. Be3 b5 20. Nb2 Rbc8 21. Qd3
Nb6 22. cxb5 axb5 23. Rc1 Qb7 24. Qxb5 Rb8 25. Bxb6 Bd8 26. Qc6 Bxb6 27. Na4 Qa7
28. Nxb6 Rxb6 29. Qc7 Rb7 30. Qc2 h6 31. a4 Rfb8 32. Re3 Rb4 33. h4 Qb6 34. Rc3
Kh7 35. Rc6 Qd4 36. Rd1 Qxe4 37. Qxe4+ Rxe4 38. Rdxd6 Rxb3 39. a5 Rb1+ 40. Kh2
Rxh4+ 41. Kg3 Ra4 42. a6 Rba1 43. Kf3 R1a3+ 44. Ke2 Ra2+ 45. Ke3 R2a3+ 46. Ke2
Ra2+ 47. Ke3 f5 48. g3 R2a3+ 49. Ke2 f4 50. gxf4 exf4 51. Re6 f3+ 52. Kd2 Ra2+
53. Ke3 R2a3+ 54. Kd2 Rb4 55. Re7 Rb2+ 56. Kc1 Rxf2 57. Kb1 Rg2 {White resigns}
0-1

[Event "Team 45 45 League T63"]
[Site "Internet Chess Club"]
[Date "2014.12.26"]
[Round "5"]
[White "Gater-Nation"]
[Black "junard"]
[Result "0-1"]
[WhiteElo "2081"]
[BlackElo "2031"]
[Opening "Sicilian: Najdorf, 7.f4"]
[ECO "B96"]
[Time "18:10:51"]
[TimeControl "2700+45"]

1. e4 c5 2. Nf3 d6 3. d4 cxd4 4. Nxd4 Nf6 5. Nc3 a6 6. Bg5 e6 7. f4 Qc7 8. Qf3
Nc6 9. O-O-O Bd7 10. Bxf6 gxf6 11. Kb1 O-O-O 12. Nxc6 Bxc6 13. Bc4 f5 14. Bb3
Kb8 15. Qe3 fxe4 16. Nxe4 Bh6 17. Rhf1 Rhg8 18. g3 Qe7 19. Qe1 d5 20. Nd2 a5 21.
a4 Qc5 22. Nf3 Bg7 23. Ne5 Be8 24. f5 Qc7 25. f6 Bf8 26. Rd4 Rg5 27. Nd3 Rh5 28.
h4 Bd6 29. Qd1 Rh6 30. Qd2 Rh5 31. Qe2 Rh6 32. Qe3 Rh5 33. Rg4 Rc8 34. Rg7 b5
35. axb5 Bxb5 36. Rg4 a4 37. Rxa4 Bxa4 38. Bxa4 Bxg3 39. Nb4 Qd6 40. Qb3 Kc7 41.
Nc6 Rxh4 42. Bb5 Ra8 43. Rd1 Bf2 44. Qd3 Qc5 45. c3 Re4 46. c4 h5 47. Rc1 Re1
48. Rxe1 Bxe1 49. Ne7 Rb8 50. Qc2 Rxb5 {White resigns} 0-1

[Event "Team 45 45 League T63"]
[Site "Internet Chess Club"]
[Date "2014.12.29"]
[Round "5"]
[White "CogitoErgoSum"]
[Black "BuddyT"]
[Result "1-0"]
[WhiteElo "1905"]
[BlackElo "1791"]
[Opening "Ruy Lopez: Anderssen variation"]
[ECO "C77"]
[Time "20:01:45"]
[TimeControl "2700+45"]

1. e4 e5 2. Nf3 Nc6 3. Bb5 a6 4. Ba4 Nf6 5. d3 b5 6. Bb3 Bc5 7. c3 d6 8. Nbd2
O-O 9. O-O Bb7 10. h3 Bb6 11. Re1 d5 12. exd5 Nxd5 13. Nxe5 Nxe5 14. Rxe5 Nf4
15. Ne4 Bxe4 16. Bxf4 Bxd3 17. Bg5 Qd6 18. Rd5 Bxf2+ 19. Kxf2 Qb6+ 20. Be3 Qf6+
21. Qf3 Qg6 22. Rg5 Qh6 23. Rg4 Qd6 24. Rd1 c5 25. Bd5 c4 26. Bxa8 Rxa8 27.
Qxa8+ Qd8 28. Qxd8# {Black checkmated} 1-0

[Event "Team 45 45 League T63"]
[Site "Internet Chess Club"]
[Date "2014.12.29"]
[Round "5"]
[White "Jack-ONeill"]
[Black "f5"]
[Result "1-0"]
[WhiteElo "2091"]
[BlackElo "2101"]
[Opening "Sicilian defense"]
[ECO "B30"]
[Time "14:03:22"]
[TimeControl "2700+45"]

1. e4 c5 2. Nf3 Nc6 3. c3 Nf6 4. e5 Nd5 5. d4 cxd4 6. cxd4 d6 7. Nc3 dxe5 8.
dxe5 Nxc3 9. Qxd8+ Nxd8 10. bxc3 Bd7 11. Be3 Nc6 12. Rb1 b6 13. Bb5 e6 14. O-O
h6 15. Rfd1 O-O-O 16. Rxd7 Rxd7 17. Bxc6 Rc7 18. Nd4 Be7 19. a4 Rd8 20. Bf3 Bc5
21. Nc6 Bxe3 22. Nxd8 Bxf2+ 23. Kxf2 Kxd8 24. Rd1+ Ke7 25. Rd3 Rc5 26. Re3 Rc4
27. Bd1 a6 28. Ke2 Rc5 29. Bb3 Ra5 30. Kd3 b5 31. axb5 axb5 32. Kd4 Ra3 33. Bc2
Ra2 34. Re2 Ra3 35. Bd3 Rb3 36. Ra2 b4 37. Ra7+ Kf8 38. c4 Rb2 39. c5 {Black
resigns} 1-0

[Event "Team 45 45 League T63"]
[Site "Internet Chess Club"]
[Date "2014.12.27"]
[Round "5"]
[White "primerpaso"]
[Black "Ptzz"]
[Result "0-1"]
[WhiteElo "1879"]
[BlackElo "2100"]
[Opening "English: ultra-symmetrical variation"]
[ECO "A36"]
[Time "10:21:34"]
[TimeControl "2700+45"]

1. c4 c5 2. Nc3 g6 3. g3 Bg7 4. Bg2 Nc6 5. e3 d6 6. Nge2 e5 7. O-O Nge7 8. b3
O-O 9. Bb2 Rb8 10. Nd5 Nxd5 11. cxd5 Ne7 12. d4 exd4 13. exd4 b6 14. Qd2 Re8 15.
Rad1 Ba6 16. Rfe1 Nf5 17. dxc5 bxc5 18. Bxg7 Kxg7 19. Nc3 Nd4 20. Rxe8 Qxe8 21.
Re1 Qd7 22. Qg5 h6 23. Qe7 Rb7 24. Qxd7 Rxd7 25. f4 f5 26. Kf2 Kf7 27. Bf1 Bxf1
28. Kxf1 Rb7 29. Rb1 Rb4 30. Rd1 a6 31. Kf2 Nb5 32. Rd3 Nxc3 33. Rxc3 Rd4 34.
Ke3 Rxd5 35. Rc4 Rd1 36. Ra4 Rh1 37. h4 Rc1 38. Rxa6 Ke6 39. Ra8 Kd5 40. Ra4 h5
41. Ke2 Rc2+ 42. Ke3 Rb2 43. Kf3 Rb1 44. Ke3 Re1+ 45. Kf3 Re7 46. Kf2 Rb7 47.
Ke3 Rb4 48. Ra5 Re4+ 49. Kf2 Kd4 50. Ra6 Re6 51. Rb6 Kd3 52. a4 Re2+ 53. Kf3 d5
54. Rc6 Rc2 55. a5 Kd4 56. a6 Rc3+ 57. Ke2 Rxb3 58. Rxg6 Ra3 59. Rf6 Ra2+ 60.
Kf3 c4 61. Rxf5 c3 62. Rf7 Rxa6 63. Rc7 Ra3 64. Ke2 Ra2+ 65. Kf3 c2 66. g4 Ra3+
{White resigns} 0-1

[Event "Team 45 45 League T63"]
[Site "Internet Chess Club"]
[Date "2014.12.25"]
[Round "5"]
[White "frank001"]
[Black "Tobiasdelmonte"]
[Result "1-0"]
[WhiteElo "1884"]
[BlackElo "1822"]
[Opening "Nimzo-Indian: 4.e3, Bronstein (Byrne) variation"]
[ECO "E45"]
[Time "16:03:00"]
[TimeControl "2700+45"]

1. d4 Nf6 2. c4 e6 3. Nc3 Bb4 4. e3 b6 5. Ne2 Ba6 6. Ng3 Bxc3+ 7. bxc3 Nc6 8.
Bd3 O-O 9. O-O d6 10. Qf3 Na5 11. Qe2 c5 12. Rd1 Qc7 13. d5 e5 14. e4 h6 15. Nf5
Kh7 16. f4 Bc8 17. g4 Bxf5 18. gxf5 Qe7 19. Kh1 Rae8 20. Re1 Rg8 21. Bd2 g6 22.
fxg6+ Rxg6 23. fxe5 Qxe5 24. Rf1 Reg8 25. Rf5 Qe7 26. e5 Ng4 27. Rh5 Nxe5 28.
Bxh6 Qf6 29. Bf8# {Black checkmated} 1-0

[Event "Team 45 45 League T63"]
[Site "Internet Chess Club"]
[Date "2015.01.02"]
[Round "5"]
[White "Magnus87"]
[Black "xwang1"]
[Result "1-0"]
[WhiteElo "2178"]
[BlackElo "2012"]
[Opening "King's Indian: East Indian defense"]
[ECO "A48"]
[Time "12:15:39"]
[TimeControl "2700+45"]

1. d4 Nf6 2. Nf3 g6 3. Nc3 d5 4. Bf4 Nh5 5. Be5 f6 6. Bg3 Bg7 7. Qd3 Nxg3 8.
hxg3 c6 9. e4 e6 10. exd5 exd5 11. Rxh7 Qe7+ 12. Be2 Bf5 13. Rxh8+ Bxh8 14. Qd2
g5 15. O-O-O Qh7 16. Re1 Kf7 17. g4 Bd7 18. Bd3 Qh6 19. Qe3 Qf8 20. Nxg5+ fxg5
21. Qxg5 Bg7 22. Qg6+ Kg8 23. Qh7+ Kf7 24. Bg6+ Kf6 25. Qh4+ Kxg6 26. Qh5+ Kf6
27. g5+ Kf5 28. Re3 Qh8 29. g4+ Kf4 30. Ne2# {Black checkmated} 1-0

[Event "Team 45 45 League T63"]
[Site "Internet Chess Club"]
[Date "2014.12.26"]
[Round "5"]
[White "Agarnez"]
[Black "Happybear"]
[Result "1-0"]
[WhiteElo "1957"]
[BlackElo "1855"]
[Opening "QGD: 4.Bg5 Be7"]
[ECO "D53"]
[Time "21:04:35"]
[TimeControl "2700+45"]

1. d4 d5 2. c4 e6 3. Nc3 Nf6 4. Bg5 Be7 5. Nf3 c6 6. e3 O-O 7. Qc2 Nbd7 8. a3 b6
9. Rd1 Ba6 10. Nd2 Rc8 11. Bd3 h6 12. Bh4 c5 13. cxd5 Bxd3 14. Qxd3 exd5 15. O-O
Re8 16. dxc5 Nxc5 17. Qf5 Ne6 18. Nf3 g5 19. Bg3 Ng7 20. Qd3 g4 21. Nd4 Qd7 22.
Rd2 a5 23. Rfd1 Red8 24. Bf4 h5 25. Qa6 Bxa3 26. Qxb6 Bb4 27. Qxf6 {Black
resigns} 1-0

[Event "Team 45 45 League T63"]
[Site "Internet Chess Club"]
[Date "2014.12.28"]
[Round "5"]
[White "SlimeDog2"]
[Black "Pomberito"]
[Result "0-1"]
[WhiteElo "2024"]
[BlackElo "2133"]
[Opening "King's Indian: fianchetto, classical main line"]
[ECO "E69"]
[Time "19:03:18"]
[TimeControl "2700+45"]

1. d4 Nf6 2. c4 g6 3. Nf3 Bg7 4. g3 O-O 5. Bg2 d6 6. O-O Nbd7 7. Nc3 c6 8. e4 e5
9. h3 Qb6 10. Re1 exd4 11. Nxd4 Re8 12. Re2 Ne5 13. b3 Bxh3 14. Na4 Qa5 15. Bxh3
c5 16. Nc2 a6 17. Bd2 Nf3+ 18. Kf1 Nxd2+ 19. Rxd2 Nxe4 20. Rd3 b5 21. cxb5 axb5
22. Bd7 bxa4 23. Bxe8 Rxe8 24. b4 Qa8 25. Kg1 c4 26. Re3 Ng5 27. Rxe8+ Qxe8 28.
Rc1 Qc6 29. Ne3 Nf3+ 30. Kf1 Nd4 31. f3 d5 32. Kf2 Qb5 33. Qd2 h6 34. Rd1 c3 35.
Qe1 Qxb4 36. Nxd5 Qb2+ 37. Kf1 Qb5+ {White resigns} 0-1

[Event "Team 45 45 League T63"]
[Site "Internet Chess Club"]
[Date "2014.12.29"]
[Round "5"]
[White "CHENENE"]
[Black "junard"]
[Result "1/2-1/2"]
[WhiteElo "1974"]
[BlackElo "2028"]
[Opening "QGD Slav: 4.Nc3"]
[ECO "D15"]
[Time "07:08:06"]
[TimeControl "2700+45"]

1. d4 d5 2. Nf3 Nf6 3. c4 c6 4. Nc3 a6 5. cxd5 cxd5 6. Bf4 Nc6 7. e3 Bf5 8. Ne5
Qb6 9. Nxc6 bxc6 10. Qb3 Nd7 11. h3 e6 12. Qxb6 Nxb6 13. Rc1 Kd7 14. Be2 Be7 15.
f3 Rhc8 16. Kf2 c5 17. dxc5 Bxc5 18. Be5 f6 19. Bd4 Bxd4 20. exd4 Kd6 21. f4 Nc4
22. Na4 Nd2 23. Rhd1 Ne4+ 24. Ke3 e5 25. dxe5+ fxe5 26. Rxd5+ Kxd5 27. Nb6+ Kd6
28. Nxc8+ Rxc8 29. Rxc8 Bxc8 30. Kxe4 Bb7+ 31. Ke3 {Game drawn by mutual
agreement} 1/2-1/2

[Event "Team 45 45 League T63"]
[Site "Internet Chess Club"]
[Date "2014.12.26"]
[Round "5"]
[White "Bryant-L"]
[Black "spongenotbob"]
[Result "0-1"]
[WhiteElo "1729"]
[BlackElo "1957"]
[Opening "King's Indian: Gligoric-Taimanov system"]
[ECO "E90"]
[Time "16:00:31"]
[TimeControl "2700+45"]

1. d4 Nf6 2. c4 g6 3. Nc3 Bg7 4. Nf3 d6 5. e4 O-O 6. Be3 e5 7. Be2 Nc6 8. d5 Ne7
9. c5 Ng4 10. Qd2 Nxe3 11. Qxe3 a5 12. cxd6 cxd6 13. Rc1 f5 14. Bd3 Bd7 15. Bb5
fxe4 16. Bxd7 Qxd7 17. Qxe4 Qf5 18. O-O Rac8 19. Nd2 Bh6 20. Rcd1 Bxd2 21. Rxd2
Rfd8 22. f4 Qxe4 23. Nxe4 Nf5 24. fxe5 dxe5 25. d6 Rc4 26. Re1 Rd4 27. Rxd4 exd4
28. Rd1 h6 29. g4 Nh4 30. Kf2 Rf8+ 31. Kg3 g5 32. h3 Rf3+ 33. Kh2 Rf7 34. d7 Rf8
35. Rc1 Nf3+ 36. Kh1 Ne5 37. Rc7 Rd8 38. Rc8 Nc6 39. Nc5 Kf7 40. Nxb7 Rxd7 41.
Rxc6 Rxb7 42. b3 Rd7 43. Rc1 Ke6 44. Kg2 Kd5 45. Kf2 Rf7+ 46. Ke2 Re7+ 47. Kd2
Re3 48. Rh1 Rg3 49. Rh2 Ke4 50. Re2+ Kd5 51. Rh2 Rg1 52. Kd3 Rg3+ 53. Kd2 Ke4
54. Re2+ Kf3 55. Rh2 Rg1 56. Kd3 Kg3 57. Rd2 Kxh3 58. Kxd4 Rxg4+ 59. Kc5 Rf4 60.
Kb5 Rf5+ 61. Ka4 g4 62. b4 axb4 63. Kxb4 g3 64. a4 g2 65. Rxg2 Kxg2 66. a5 Rxa5
67. Kxa5 h5 68. Kb4 h4 69. Kc4 h3 70. Kd4 h2 71. Ke5 h1=Q 72. Kd4 Qc1 73. Ke5
Qc4 74. Kd6 Kf3 75. Ke5 Qc5+ {White resigns} 0-1

[Event "Team 45 45 League T63"]
[Site "Internet Chess Club"]
[Date "2014.12.26"]
[Round "5"]
[White "Chess-Boy"]
[Black "pokerram"]
[Result "1/2-1/2"]
[WhiteElo "1657"]
[BlackElo "1612"]
[Opening "Sicilian: Kan, 5.Nc3"]
[ECO "B43"]
[Time "20:00:15"]
[TimeControl "2700+45"]

1. e4 c5 2. Nf3 e6 3. d4 cxd4 4. Nxd4 a6 5. Nc3 Bc5 6. Be3 Bb4 7. Qd2 Nf6 8. f3
O-O 9. a3 Be7 10. Be2 d6 11. O-O-O Nc6 12. g4 Nxd4 13. Bxd4 e5 14. Be3 Be6 15.
h4 b5 16. h5 Qa5 17. g5 Nd7 18. Nd5 Qxd2+ 19. Rxd2 Bxd5 20. Rxd5 f5 21. Kb1 f4
22. Bf2 Rab8 23. b4 Nb6 24. Bxb6 Rxb6 25. c4 bxc4 26. Bxc4 Kh8 27. g6 h6 28. Ra5
Ra8 {Game drawn by mutual agreement} 1/2-1/2

[Event "Team 45 45 League T63"]
[Site "Internet Chess Club"]
[Date "2014.12.26"]
[Round "5"]
[White "ToniMostarda"]
[Black "Lachesis"]
[Result "0-1"]
[WhiteElo "1604"]
[BlackElo "1538"]
[Opening "Philidor: exchange variation"]
[ECO "B07"]
[Time "13:05:40"]
[TimeControl "2700+45"]

1. e4 d6 2. d4 e5 3. Nf3 exd4 4. Nxd4 Nf6 5. Nc3 Be7 6. g3 O-O 7. Bg2 Nc6 8.
Nde2 Re8 9. O-O h6 10. h3 Be6 11. g4 Nd7 12. b3 Bf6 13. Bb2 a5 14. Rb1 a4 15.
Nxa4 Bxb2 16. Rxb2 h5 17. gxh5 Qh4 18. Qd3 Qxh5 19. f4 Nf6 20. Ng3 Qh4 21. Kh2
Bd7 22. c4 Rad8 23. Nc3 Nb4 24. Qd2 Ng4+ 25. Kg1 Qxg3 26. hxg4 Bxg4 27. Ne2 Bxe2
28. Qxe2 Re6 29. Qf3 Qh4 30. Rd2 Rh6 31. Rff2 Rg6 32. Kf1 Rg3 33. Qe2 Rg4 34.
Qe3 Re8 35. Ke2 Rg3 36. Bf3 f5 37. e5 g5 38. Rg2 gxf4 39. Rxg3+ Qxg3 40. Qf2
dxe5 41. Qxg3+ fxg3 42. Kf1 e4 43. Re2 Kf8 44. Bg2 Kg7 45. Re3 Kf6 46. Rxg3 Nxa2
47. Re3 Nb4 48. Kf2 c5 49. Bf1 f4 50. Rh3 Nc2 51. Rh7 Nd4 52. Rxb7 e3+ 53. Kg1
f3 54. Rb6+ Ke5 55. Rg6 e2 {White resigns} 0-1

[Event "Team 45 45 League T63"]
[Site "Internet Chess Club"]
[Date "2014.12.27"]
[Round "5"]
[White "drsigmund1"]
[Black "idjit"]
[Result "0-1"]
[WhiteElo "1479"]
[BlackElo "1597"]
[Opening "Queen's pawn: London system"]
[ECO "A45"]
[Time "12:00:34"]
[TimeControl "2700+45"]

1. d4 Nf6 2. Bf4 e6 3. Nf3 c5 4. c3 d5 5. e3 Qb6 6. Na3 Bd7 7. Rb1 cxd4 8. exd4
Bxa3 9. bxa3 Qa5 10. Qb3 O-O 11. Be2 Ne4 12. O-O Nxc3 13. Rb2 Nxe2+ 14. Rxe2 Bb5
15. Rb2 Bxf1 16. Kxf1 b6 17. Ne5 Rc8 18. Bd2 Qa6+ 19. Kg1 Nc6 20. Nd7 Nxd4 21.
Nf6+ Kh8 22. Qh3 gxf6 23. Qh4 Nf3+ 24. gxf3 Rg8+ 25. Kh1 Qf1# {White checkmated}
0-1

[Event "Team 45 45 League T63"]
[Site "Internet Chess Club"]
[Date "2014.12.29"]
[Round "5"]
[White "SaltofLife"]
[Black "flyingpawns"]
[Result "1-0"]
[WhiteElo "1972"]
[BlackElo "1807"]
[Opening "French: Réti (Spielmann) variation"]
[ECO "C00"]
[Time "14:16:55"]
[TimeControl "2700+45"]

1. e4 e6 2. b3 d5 3. Bb2 Nf6 4. exd5 exd5 5. Nc3 Bd6 6. Qf3 c6 7. h3 Be6 8.
O-O-O Qc7 9. d4 Nbd7 10. g4 h5 11. gxh5 Rxh5 12. Kb1 O-O-O 13. Bg2 Rdh8 14. Nce2
Ne4 15. Qe3 f5 16. Bxe4 fxe4 17. Rc1 Rf8 18. Ng3 Rh6 19. c4 Bf4 20. Qe1 e3 21.
Rc3 exf2 22. Qxf2 Bxg3 23. Qxg3 Qxg3 24. Rxg3 Bf5+ 25. Kc1 Be4 26. Rh2 Rf1+ 27.
Kd2 Rhf6 28. Rxg7 R6f2+ 29. Rxf2 Rxf2+ 30. Ne2 Bf3 31. Re7 Kd8 32. Re3 Bh5 33.
cxd5 cxd5 34. Ba3 b6 35. Be7+ Kc7 36. Bh4 Rg2 37. Ke1 Rg6 38. Nf4 Rh6 39. Nxd5+
Kd6 40. Ne7 Bg6 41. Bg3+ {Black resigns} 1-0

[Event "Team 45 45 League T63"]
[Site "Internet Chess Club"]
[Date "2014.12.27"]
[Round "5"]
[White "Invicta-Knight"]
[Black "chessputin"]
[Result "1-0"]
[WhiteElo "1521"]
[BlackElo "1518"]
[Opening "Center game"]
[ECO "C22"]
[Time "14:03:23"]
[TimeControl "2700+45"]

1. e4 e5 2. d4 exd4 3. Qxd4 d6 4. Nc3 c5 5. Qe3 Be6 6. Bd2 Nc6 7. O-O-O Nf6 8.
h3 Be7 9. Be2 Nb4 10. f4 Bxa2 11. b3 Qa5 12. Kb2 Bxb3 13. cxb3 d5 14. Ra1 d4 15.
Rxa5 dxe3 16. Bxe3 b6 17. Bb5+ Nd7 18. Ra1 a6 19. Bxd7+ Kxd7 20. Rd1+ Kc6 21.
Nf3 Rad8 22. Ne5+ Kb7 23. Nxf7 Rxd1 24. Rxd1 Rf8 25. Rd7+ Kc6 26. Rxe7 a5 27.
Ne5+ Kd6 28. Rxg7 Nc6 29. Nb5+ {Black resigns} 1-0

[Event "Team 45 45 League T63"]
[Site "Internet Chess Club"]
[Date "2014.12.30"]
[Round "5"]
[White "seattleblues"]
[Black "Visin"]
[Result "1-0"]
[WhiteElo "1406"]
[BlackElo "1286"]
[Opening "Queen's pawn game, Chigorin variation"]
[ECO "D02"]
[Time "05:22:36"]
[TimeControl "2700+45"]

1. d4 d5 2. Nf3 Nc6 3. Bf4 Nf6 4. e3 a6 5. Nbd2 Bf5 6. c3 e6 7. Nh4 Bd6 8. Nxf5
exf5 9. Bg5 O-O 10. Bd3 g6 11. Bh6 Re8 12. h3 Nb8 13. O-O c5 14. Nf3 c4 15. Be2
Nbd7 16. Re1 b5 17. a3 a5 18. h4 Qc7 19. Ng5 Ne4 20. Nxe4 fxe4 21. h5 Nf8 22.
Bg4 Qe7 23. g3 Ne6 24. hxg6 fxg6 25. Kg2 Ng5 26. Rh1 Nf7 27. Rh3 Nxh6 28. Rxh6
Qg5 29. Rh4 Re7 30. Qh1 Rf8 31. Qh3 Qf6 32. Rf1 Rg7 33. Be6+ Kh8 34. Bxd5 Be7
35. Rf4 Qg5 36. Rxf8+ Bxf8 37. Bxe4 Rf7 38. Qe6 Qf6 39. Qxf6+ Rxf6 40. Rh1 Kg7
41. Rh4 b4 42. a4 bxc3 43. bxc3 Ba3 44. Rf4 Bb2 45. Bc2 Bxc3 46. Rxf6 Kxf6 47.
Kf3 Ke6 48. Ke4 Be1 49. Kf3 Bb4 50. g4 c3 51. Ke4 Be7 52. f3 Kd6 53. Kd3 g5 54.
Kxc3 h6 55. Kc4 Kc6 56. e4 Kd6 57. e5+ Ke6 58. Bf5+ Kf7 59. e6+ Ke8 60. d5 Kd8
61. Kb5 Kc7 62. Kxa5 Bb4+ 63. Kxb4 {Black resigns} 1-0